 Dungeon Crawl Stone Soup version 0.31-a0-435-g2c6fae2916 (webtiles) character file.

Game seed: 561071208085009410

133683 mandarbmax the Brawler (level 16, -9/214 HPs)
             Began as a Grey Draconian Shapeshifter on July 31, 2023.
             Was the Champion of Wu Jian.
             Mangled by a bog body (23 damage)
             ... on level 2 of the Swamp on Aug 2, 2023.
             The game lasted 01:07:44 (21283 turns).

mandarbmax the Brawler (DrSh)                      Turns: 21283, Time: 01:07:47

Health: -9/214     AC: 26    Str: 33    XL:     16   Next: 60%
Magic:  16/16      EV: 19    Int:  9    God:    Wu Jian [******]
Gold:   1077       SH:  5    Dex: 19    Spells: 11/15 levels left

rFire   + .          .
                       - Unarmed
rCold   . . .        (shield currently unavailable)
rNeg    + . .        (body armour unavailable)
rPois   +            (helmet currently unavailable)
rElec   .            O - melded scarf {rC+ rF+}
rCorr   .            P - melded +0 pair of gloves
SInv    .            B - melded +0 pair of boots
Will    +....        b - amulet "Rydynon" {Reflect rF+ SH+5}
Stlth   ++           n - +5 ring of evasion
HPRegen 0.55/turn    V - ring of Sif Muna's Scorn {rN+ Dex+5}
MPRegen 0.15/turn

%: reflection
@: dragon-form, flying, slowed, very slow
A: dragon claw, dragon scales, flying, boosted hp, AC +14, amphibious, giant,
unfitting armour, (cold-blooded)
a: Begin Untransformation, Renounce Religion, Wall Jump, Serpent's Lash,
Heavenly Storm


You were on level 2 of the Swamp.
You worshipped Wu Jian.
Wu Jian was exalted by your worship.
You were a fearsome iron dragon!
You visited 5 branches of the dungeon, and saw 25 of its levels.

You collected 2069 gold pieces.
You spent 992 gold pieces at shops.

Inventory:

Missiles
 x - 6 throwing nets
Armour
 B - a +0 pair of boots (melded)
 O - a scarf of resistance (melded)
 P - a +0 pair of gloves (melded)
 U - a +2 cloak of stealth
Jewellery
 b - the amulet "Rydynon" (around neck) {Reflect rF+ SH+5}
   (You bought it in a shop on level 12 of the Dungeon)

   [amulet of reflection]

   It reflects blocked missile attacks.
   rF:        It protects you from fire.
   SH:        It affects your SH (+5).
 n - a +5 ring of evasion (left foreclaw)
 S - an amulet of magic regeneration
 V - the ring of Sif Muna's Scorn (right foreclaw) {rN+ Dex+5}
   (You found it on level 5 of the Lair of Beasts)

   [ring of positive energy]

   Dex:       It affects your dexterity (+5).
   rN:        It protects you from negative energy.
 W - a ring of resist corrosion
Talismans
 q - a dragon-blood talisman (active)
 G - a granite talisman
Wands
 d - a wand of acid (4)
 f - a wand of digging (4)
 t - a wand of polymorph (12)
 y - a wand of flame (5)
 I - a wand of mindburst (18)
 M - a wand of iceblast (14)
 Q - a wand of paralysis (3)
Scrolls
 e - 5 scrolls of enchant weapon
 g - 2 scrolls of vulnerability
 h - 3 scrolls of blinking
 j - 2 scrolls of noise
 k - 4 scrolls of fog
 m - 3 scrolls of revelation
 o - 5 scrolls of fear
 r - 4 scrolls of poison
 s - 5 scrolls of immolation
 v - 2 scrolls of enchant armour
 C - a scroll of summoning
 H - 3 scrolls of amnesia
 K - 2 scrolls of identify
 N - 4 scrolls of teleportation
 R - a scroll of silence
Potions
 a - 10 potions of lignification
 c - 2 potions of mutation
 i - 4 potions of resistance
 l - 2 potions of ambrosia
 p - a potion of attraction
 u - 7 potions of curing
 w - a potion of haste
 z - 4 potions of enlightenment
 A - a potion of magic
 D - 3 potions of berserk rage
 E - 2 potions of invisibility
 F - 2 potions of heal wounds
 L - 2 potions of brilliance
 T - a potion of might
Miscellaneous
 J - a box of beasts


   Skills:
 + Level 14.8 Fighting
 + Level 10.7 Dodging
 * Level 18.6 Unarmed Combat
 + Level 14.7 Shapeshifting


You had 11 spell levels left.
You knew the following spells:

 Your Spells              Type           Power      Damage    Failure   Level
a - Manifold Assault      Tloc           0%         N/A       99%         4

Your spell library contained the following spells:

 Spells                   Type           Power      Damage    Failure   Level
 Blink                    Tloc           0%         N/A       52%         2
 Poisonous Vapours        Pois/Air       0%         N/A       52%         2
 Call Canine Familiar     Summ           0%         N/A       77%         3
 Hailstorm                Conj/Ice       0%         3d3       77%         3
 Inner Flame              Hex/Fire       0%         N/A       77%         3
 Mephitic Cloud           Conj/Pois/Air  0%         N/A       77%         3
 Portal Projectile        Hex/Tloc       0%         N/A       77%         3
 Flame Wave               Conj/Fire      0%         2d4       99%         4
 Leda's Liquefaction      Hex/Erth       0%         N/A       99%         4
 Sticky Flame             Conj/Fire      0%         2d3       99%         4
 Summon Ice Beast         Ice/Summ       0%         N/A       99%         4
 Freezing Cloud           Conj/Ice/Air   0%         6-21      100%        5
 Summon Forest            Summ/Tloc      0%         N/A       100%        5
 Summon Mana Viper        Hex/Summ       0%         N/A       100%        5
 Summon Cactus Giant      Summ           0%         N/A       100%        6
 Polar Vortex             Ice            0%         N/A       100%        9


Dungeon Overview and Level Annotations

Branches:
Dungeon (15/15)            Temple (1/1) D:5            Lair (5/5) D:11
  Swamp (2/4) Lair:3       Spider (0/4) Lair:2        Slime (0/5) Lair:4
    Orc (2/2) D:9             Elf (0/3) Orc:2        Vaults (0/5) D:13
 Depths (0/4) D:15

Altars:
Ashenzari
Cheibriados
Dithmenos
Elyvilon
Fedhas
Gozag
Hepliaklqana
Kikubaaqudgha
Makhleb
Okawaru
Qazlal
Ru
Sif Muna
Trog
Uskayaw
Vehumet
Wu Jian
Xom
Yredelemnul
Zin
The Shining One
Jiyva

Shops:
D:11 :=   D:12 =?!   D:13 :   Orc:2 ?(*(


Innate Abilities, Weirdness & Mutations

You are a fearsome iron dragon!
You have a powerful clawing attack.
Your giant scaled body is strong and resiliant, but less evasive.
You are flying.
Your maximum health is greatly increased.
Your armour is entirely melded.
You are incapable of wielding weapons or throwing items.
Your dull iron-grey scales are very hard. (AC +14)
You are amphibious.
You cannot fit into any form of body armour.
((You are cold-blooded and may be slowed by cold attacks.))


Message History

The vampire mosquito bites you but does no damage.
You block the vampire mosquito's attack.
You see here a +0 chain mail.
You closely miss the vampire mosquito.
You block the vampire mosquito's attack.
The vampire mosquito misses you.
You hit the vampire mosquito.
The vampire mosquito is lightly damaged.
The goliath frog hits you but does no damage.
The vampire mosquito bites you!
* * * LOW HITPOINT WARNING * * *
The vampire mosquito draws strength from your injuries!
A spark wasp comes into view.
The vampire mosquito barely misses you. The goliath frog barely misses you.
The spark wasp buzzes angrily.
You bite the vampire mosquito!!
You destroy the vampire mosquito!
The Council accepts your kill.
You hear an angry buzzing noise.
You block the spark wasp's attack.
The goliath frog hits you but does no damage.
You spin and attack the spark wasp.
You claw the spark wasp!
The spark wasp is lightly wounded.
You spin and attack the bog body repeatedly.
You barely miss the bog body. You bite the bog body!!
The bog body is heavily damaged.
A vampire mosquito comes into view.
The spark wasp bursts into living lightning!
The living lightning hits you!!
* * * LOW HITPOINT WARNING * * *
The spark wasp blinks!
The spark wasp closely misses you. The bog body closely misses you.
The goliath frog closely misses you. The spark wasp stings you.
* * * LOW HITPOINT WARNING * * *
The spark wasp shocks you!
* * * LOW HITPOINT WARNING * * *
You block the spark wasp's attack. The bog body touches you.
* * * LOW HITPOINT WARNING * * *
The bog body freezes you!!
You die...

♣~§~~.. ♣♣♣♣♣♣♣.~~..
~≈≈ ~.~♣.~.~..♣..≈≈
.~.~~~...♣y§.~≈.
♣.~~§~.....~≈≈
♣..~~~..~♣..~
♣~~~~~~...♣..
♣..Dn~.~~~..
♣♣y[yF..~.♣ ..
♣♣.....~♣♣♣ ♣.~
......~†.♣♣♣♣♣♣~<§
~~~~.♣♣)~~~..~♣~...~
~~...~♣~.~~†~....~~..
~..~..~.~~~~~....~~..
~.~~~~~~~~~~........♣
~.~~~.♣♣.~~~~~†..♣.


You could see 2 spark wasps, a goliath frog, a bog body and a vampire mosquito.

Vanquished Creatures
  Rupert (D:15)
  Kirke (Lair:4)
  The ghost of Goud the Frost Mage, an adept BaIE of Cheibriados (Swamp:1)
  Roxanne (D:15)
  The ghost of Kocvedd the Severer, a journeyman DDFi of Makhleb (Lair:1)
  An orc warlord (Orc:2)
  A stone giant (D:15)
  Azrael (D:15)
  An eleionoma (Lair:3)
  3 bunyips (Swamp:1)
  Snorg (D:10)
  A minotaur (Lair:1)
  A fire dragon (D:15)
  Josephine (D:13)
  10 hydras
  Erolcha (D:10)
  An ogre mage (D:15)
  3 catoblepae
  12 two-headed ogres
  4 centaur warriors
  2 boulder beetles
  9 death yaks
  4 tengu warriors (D:15)
  7 alligators
  A deep troll shaman (Lair:5)
  A dancing weapon (Swamp:1)
  Urug (D:13)
  5 spriggans (Swamp:1)
  An orc high priest (Orc:2)
  A skeletal warrior (D:12)
  3 skysharks
  Lodul (D:13)
  3 goliath frogs
  A spriggan druid (Swamp:2)
  3 bog bodies
  3 deep elf pyromancers
  2 necromancers (D:13)
  A lindwurm (Lair:5)
  8 orc knights
  5 orc sorcerers
  17 ugly things
  2 will-o-the-wisps
  4 cyclopes
  4 manticores
  7 elephants
  The ghost of LeprechaunX the Insei, a novice OpSh of Hepliaklqana (D:6)
  9 black mambas
  A gargoyle (D:12)
  Joseph (D:7)
  2 unseen horrors
  10 cane toads
  A kobold demonologist (D:10)
  3 freezing wraiths
  A rime drake (shapeshifter) (D:15)
  4 rime drakes
  18 komodo dragons
  An efreet (D:14)
  3 tengu conjurers (D:15)
  5 trolls
  3 meliai (D:14)
  6 polar bears
  10 saltlings (Orc:2)
  5 hornets (Swamp:1)
  34 blink frogs
  4 tyrant leeches
  9 dream sheep
  8 slime creatures
  Sigmund (D:3)
  A centaur simulacrum (D:15)
  44 yaks
  4 vampires
  A shadow (D:10)
  5 wraiths
  3 hogs
  4 basilisks
  8 wyverns
  2 fire elementals (D:15)
  Grum (D:10)
  A steam dragon (D:7)
  13 vampire mosquitoes
  6 wargs
  16 water moccasins
  8 swamp worms
  3 hell hounds (D:15)
  4 swamp drakes (Swamp:2)
  23 orc warriors
  8 black bears
  4 sky beasts
  An ice beast (D:4)
  21 ogres
  18 wolves
  4 centaurs
  A phantom (D:6)
  6 kobold brigands
  13 bullfrogs
  2 gnoll sergeants
  11 scorpions
  7 wights
  6 killer bees (D:11)
  2 electric eels (Lair:1)
  4 howler monkeys
  A jelly (D:5)
  11 orc priests
  8 hounds
  2 gnoll boudas (D:10)
  A sleepcap (D:5)
  13 iguanas
  19 orc wizards
  13 hell rats
  16 gnolls
  5 adders
  3 white imps
  An ufetubus (D:5)
  2 worms
  A dart slug (D:1)
  77 orcs
  5 bats
  7 endoplasms
  6 giant cockroaches
  5 goblins
  2 hobgoblins
  5 jackals
  4 quokkas
  5 ball pythons
  16 frilled lizards
  15 kobolds
  7 rats
788 creatures vanquished.

Vanquished Creatures (others)
  A bloated husk (Swamp:1)
  2 frilled lizards (Lair:1)
3 creatures vanquished.

Grand Total: 791 creatures vanquished

Notes
Turn   | Place    | Note
-------+----------+-------------------------------------------
     0 | D:1      | mandarbmax the Draconian Shapeshifter began the quest for
                  | the Orb.
     0 | D:1      | Reached XP level 1. HP: 16/16 MP: 1/1
   213 | D:1      | Reached XP level 2. HP: 23/23 MP: 2/2
   706 | D:2      | Reached skill level 4 in Unarmed Combat
   831 | D:2      | Reached XP level 3. HP: 28/28 MP: 3/3
   925 | D:2      | Identified the +0 robe of the Game of Life {Will- rCorr
                  | Dex+7 Stlth-}
  1252 | D:2      | Identified the +9 dagger of Fuquxuawn {flame, Fly Int+3}
  1659 | D:3      | Found an opulent altar of Gozag.
  1754 | D:3      | Found a white marble altar of Elyvilon.
  1775 | D:3      | Noticed Sigmund
  1889 | D:3      | Killed Sigmund
  1890 | D:3      | Reached skill level 6 in Unarmed Combat
  1890 | D:3      | Reached XP level 4. HP: 35/35 MP: 4/4
  1890 | D:3      | Reached XP level 5. HP: 40/40 MP: 5/5
  2296 | D:3      | Found an ancient bone altar of Kikubaaqudgha.
  2599 | D:4      | Reached XP level 6. HP: 39/47 MP: 6/6
  2754 | D:4      | Noticed an ice beast
  2771 | D:4      | Killed an ice beast
  3230 | D:5      | Entered Level 5 of the Dungeon
  3245 | D:5      | Reached skill level 7 in Unarmed Combat
  3287 | D:5      | Upgraded the game from 0.31-a0-431-g88bdf31460 to
                  | 0.31-a0-435-g2c6fae2916
  3308 | D:5      | Noticed a water moccasin
  3318 | D:5      | Killed a water moccasin
  3319 | D:5      | Your scales start taking on a dull iron-grey colour.
  3319 | D:5      | Reached XP level 7. HP: 7/52 MP: 7/7
  3390 | D:5      | Reached skill level 5 in Shapeshifting
  3461 | D:5      | Found a staircase to the Ecumenical Temple.
  3478 | D:5      | Reached XP level 8. HP: 11/59 MP: 8/8
  3568 | Temple   | Entered the Ecumenical Temple
  3599 | Temple   | Became a worshipper of the Wu Jian Council
  4033 | D:5      | Identified the +2 robe of Somewhere Else {Rampage rF- rCorr
                  | Int+2}
  4431 | D:6      | Found a transporter.
  4437 | D:6      | Noticed LeprechaunX's ghost (novice OpSh)
  4438 | D:6      | Found a transporter.
  4455 | D:6      | Identified the +6 glaive "Spider's Bane" {antimagic, rC-
                  | Str+4 Stlth+}
  4541 | D:6      | Reached * piety under Wu Jian
  4934 | D:7      | Reached XP level 9. HP: 30/70 MP: 9/9
  4995 | D:7      | Noticed Joseph
  5044 | D:7      | Killed Joseph
  5045 | D:7      | Reached skill level 8 in Unarmed Combat
  5380 | D:7      | Found a sacrificial altar of Ru.
  5564 | D:8      | Reached skill level 5 in Fighting
  5704 | D:8      | Found an iron altar of Okawaru.
  5746 | D:8      | Found a radiant altar of Vehumet.
  5803 | D:8      | Reached ** piety under Wu Jian
  5825 | D:8      | Noticed a two-headed ogre
  5831 | D:8      | Killed a two-headed ogre
  5832 | D:8      | Reached XP level 10. HP: 57/83 MP: 10/10
  5867 | D:8      | Reached skill level 9 in Unarmed Combat
  6391 | D:9      | Found a staircase to the Orcish Mines.
  6406 | D:9      | Noticed a two-headed ogre
  6409 | D:9      | Killed a two-headed ogre
  6410 | D:9      | Reached skill level 10 in Shapeshifting
  6625 | D:9      | Noticed a white ugly thing
  6637 | D:9      | Killed a white ugly thing
  7166 | D:10     | Entered Level 10 of the Dungeon
  7166 | D:10     | Noticed Snorg
  7175 | D:10     | Killed Snorg
  7244 | D:10     | Reached XP level 11. HP: 82/93 MP: 11/11
  7257 | D:10     | Reached skill level 10 in Unarmed Combat
  7274 | D:10     | Noticed Grum
  7280 | D:10     | Killed Grum
  7410 | D:10     | Noticed Erolcha
  7456 | D:10     | Killed Erolcha
  7456 | D:10     | Reached *** piety under Wu Jian
  7515 | D:10     | Found a shadowy altar of Dithmenos.
  7683 | D:10     | Found a faded altar of an unknown god.
  7683 | D:10     | Found a hazy altar of Hepliaklqana.
  7689 | D:10     | Noticed a sun demon
  7701 | D:10     | Found a faded altar of an unknown god.
  8174 | D:10     | Found a hide-covered altar of Uskayaw.
  8234 | D:11     | Found Rapis's Book Emporium.
  8252 | D:11     | Found a staircase to the Lair.
  8272 | D:11     | Found a bloodstained altar of Trog.
  8555 | D:11     | Learned a level 4 spell: Manifold Assault
  8592 | D:11     | Found Evoeq's Jewellery Shop.
  8710 | Lair:1   | Entered Level 1 of the Lair of Beasts
  8710 | Lair:1   | Noticed a skyshark
  8723 | Lair:1   | Killed a skyshark
  8773 | Lair:1   | Reached skill level 11 in Unarmed Combat
  8775 | Lair:1   | Reached **** piety under Wu Jian
  8914 | Lair:1   | Noticed Kocvedd's ghost (journeyman DDFi)
  8914 | Lair:1   | Noticed a minotaur
  8971 | Lair:1   | Found a runed translucent gate.
  8971 | Lair:1   | Found a runed translucent gate.
  8971 | Lair:1   | Found a runed translucent gate.
  9069 | Lair:1   | Reached XP level 12. HP: 98/104 MP: 12/12
  9636 | D:6      | Killed LeprechaunX's ghost
  9770 | Lair:1   | Killed a minotaur
  9770 | Lair:1   | Reached ***** piety under Wu Jian
  9771 | Lair:1   | Reached skill level 12 in Unarmed Combat
  9775 | Lair:1   | Killed Kocvedd's ghost
  9909 | Lair:2   | Found a hole to the Spider Nest.
  9921 | Lair:2   | Identified the +7 whip "Cufras" {venom, rPois rN+ Str+3
                  | Int-2}
  9925 | Lair:2   | Noticed a five-headed hydra
  9928 | Lair:2   | Reached skill level 10 in Fighting
  9932 | Lair:2   | Reached skill level 5 in Dodging
  9935 | Lair:2   | Killed a nine-headed hydra
 10090 | Lair:2   | Reached skill level 13 in Unarmed Combat
 10167 | Lair:2   | Noticed a death yak
 10172 | Lair:2   | Killed a death yak
 10391 | Lair:2   | Noticed a seven-headed hydra
 10395 | Lair:2   | Killed an eight-headed hydra
 10399 | Lair:2   | Noticed a six-headed hydra
 10418 | Lair:2   | Reached XP level 13. HP: 114/114 MP: 13/13
 10433 | Lair:2   | Found a broken altar of Ashenzari.
 11231 | Lair:3   | Reached skill level 14 in Unarmed Combat
 11483 | Lair:3   | Noticed an eleionoma
 11494 | Lair:3   | Killed an eleionoma
 11588 | Lair:3   | Found a staircase to the Swamp.
 12194 | Lair:4   | Reached XP level 14. HP: 59/125 MP: 6/14
 12510 | Lair:4   | Found a staircase to the Slime Pits.
 12511 | Lair:4   | Found a viscous altar of Jiyva.
 12806 | Lair:4   | Reached skill level 15 in Unarmed Combat
 13076 | Lair:5   | Entered Level 5 of the Lair of Beasts
 13121 | Lair:5   | Reached ****** piety under Wu Jian
 13238 | Lair:5   | Identified the ring of Sif Muna's Scorn {rN+ Dex+5}
 13243 | Lair:5   | Identified the +9 broad axe of Collusion {flame, Dex+2}
 13508 | Lair:5   | Noticed Kirke
 13559 | Lair:4   | Killed Kirke
 14420 | Orc:1    | Entered Level 1 of the Orcish Mines
 14530 | Orc:2    | Entered Level 2 of the Orcish Mines
 14844 | Orc:2    | Reached skill level 16 in Unarmed Combat
 14944 | Orc:2    | Found a staircase to the Elven Halls.
 15124 | Orc:2    | Noticed an orc warlord
 15137 | Orc:2    | Killed an orc warlord
 15148 | Orc:2    | Found Feanoz's Magic Scroll Shop.
 15166 | Orc:2    | Found Xupupp's General Store.
 15168 | Orc:2    | Found Ruschyuh's Antique Weapon Shoppe.
 15405 | Orc:2    | Found Zoekk's Weapon Shoppe.
 15471 | Orc:2    | Reached XP level 15. HP: 135/135 MP: 15/15
 16247 | D:12     | Found Emoyl's Magic Scroll Emporium.
 16258 | D:12     | Found Gecingof's Distillery.
 16264 | D:12     | Bought a potion of curing for 48 gold pieces
 16264 | D:12     | Bought a potion of haste for 160 gold pieces
 16264 | D:12     | Bought 2 potions of invisibility for 256 gold pieces
 17219 | D:12     | Found Jehemp's Jewellery Boutique.
 17226 | D:12     | Bought the amulet "Rydynon" {Reflect rF+ SH+5} for 528 gold
                  | pieces
 17332 | D:13     | Found Xeraytir's Book Emporium.
 17338 | D:13     | Noticed Lodul
 17349 | D:13     | Killed Lodul
 17351 | D:13     | Reached skill level 17 in Unarmed Combat
 17383 | D:13     | Noticed Josephine
 17384 | D:13     | Killed Josephine
 17446 | D:13     | Found a gate to the Vaults.
 17488 | D:13     | Found an ornate altar of the Wu Jian Council.
 17490 | D:13     | Identified the +5 hand axe of the Unstoppable Coins {heavy,
                  | rPois rF+ rN+ Str+2}
 17529 | D:13     | Noticed Urug
 17536 | D:13     | Killed Urug
 17578 | D:14     | Got the Guide on Glaciation
 18421 | D:15     | Entered Level 15 of the Dungeon
 18450 | D:15     | Found a staircase to the Depths.
 18525 | D:15     | Noticed Azrael
 18531 | D:15     | Killed Azrael
 18629 | D:15     | Reached skill level 10 in Dodging
 18808 | D:15     | Noticed Roxanne
 18815 | D:15     | Reached XP level 16. HP: 146/146 MP: 16/16
 19051 | D:15     | Noticed Rupert
 19051 | D:15     | Paralysed by Rupert for 2 turns
 19063 | D:15     | Killed Rupert
 19301 | D:15     | Reached skill level 18 in Unarmed Combat
 19635 | D:15     | Killed Roxanne
 19985 | Swamp:1  | Entered Level 1 of the Swamp
 20600 | Swamp:1  | Found a runed translucent door.
 20600 | Swamp:1  | Found a shimmering altar of Xom.
 20600 | Swamp:1  | Noticed Goud's ghost (adept BaIE)
 20724 | Swamp:1  | Killed Goud's ghost
 20728 | Swamp:1  | Identified the +8 falchion of Keokomuc {drain, Dex+6}
 21283 | Swamp:2  | Mangled by a bog body

Illustrated notes

Levels and vault maps discovered:
D:1:      spicycebolla_arrival_ecumenical, layout_basic, serial_bayou_lagoon_a,
          minmay_misc_feat_tiny
D:2:      layout_loops_cross, serial_aquarium, aquarium_bridge_square
          [aquarium_subvault_bridge, aquarium_subvault_balcony,
          aquarium_subvault_bridge, aquarium_subvault_wall],
          aquarium_bridge_square [aquarium_subvault_balcony,
          aquarium_subvault_bridge, aquarium_subvault_window,
          aquarium_subvault_wall], aquarium_window_fake, aquarium_window_1,
          aquarium_view_2e, aquarium_view_2e, minmay_misc_feat_tower
D:3:      layout_basic, nicolae_gozag_seed_capital, elyvilon_altar_4,
          lemuel_tele_altar, uniq_sigmund
D:4:      layout_basic, nicolae_overflow_hidden_temple
D:5:      minmay_spotlight, layout_basic, minmay_temple_entry_water_ring,
          kennysheep_generic_room_11
D:6:      layout_rooms, gammafunk_ghost_smash, nrook_loot_triangle
D:7:      layout_basic, marbit_many_paths, uniq_joseph
D:8:      layout_loops_ring, vehumet_crystals, okawaru_ov_weapons_minmay,
          chequers_serial_rivers_room_b
D:9:      layout_loops_ring, minmay_orc_entry_guard_dogs,
          kennysheep_generic_room_4
D:10:     layout_cave_pools, nicolae_hepliaklqana_ecumenical_no_more,
          grunt_dithmenos_smoke, eat_drink_and_be_merry_uskayaw,
          serial_gnoll_camp, gnoll_camp_mini_loothouse, grums_kennel,
          gnoll_camp_mini_hut, gnoll_camp_medium_01, uniq_erolcha, uniq_snorg
D:11:     layout_rooms, lair_entry_dummy, serial_shops, shop,
          nicolae_shop_waterfront, bloody_trog
D:12:     layout_grid_maze, serial_shops, kennysheep_mini, shop, shop,
          hangedman_corner_corridor
D:13:     layout_cross, david_vaults_1, serial_shops, shop,
          nicolae_wu_jian_glorious_leap, uniq_urug, uniq_josephine, uniq_lodul
D:14:     layout_roguey, serial_park_tiny_2
D:15:     grunt_enter_depths_snipers, layout_basic, serial_shops, bzr_firewalk,
          uniq_azrael, uniq_roxanne, uniq_rupert
Temple:   chequers_temple_sunken
Lair:1:   lemuel_reptile_caves, layout_chaotic_city,
          maelrawn_ghost_gauntlet_escape
Lair:2:   nzn_winding_woodlands_medium [nzn_winding_woodlands_5x5_default,
          nzn_winding_woodlands_5x15_lazy_stream,
          nzn_winding_woodlands_hourglass, nzn_winding_woodlands_5x5_default,
          nzn_winding_woodlands_center_pierced_h,
          nzn_winding_woodlands_5x5_perimeter, nzn_winding_woodlands_5x5_cross,
          nzn_winding_woodlands_5x15_split_checker,
          nzn_winding_woodlands_5x5_closed_star], layout_hall_layers,
          nicolae_spider_entry_non_spiders, basic_altar
Lair:3:   layout_chaotic_city, alex1729_swamp_entry_worm_eleionoma,
          chequers_serial_rivers_micro_b, beast_lair_carwin_8,
          grunt_megastairs_2
Lair:4:   layout_regular_city, slime_entry_1, serial_rivers,
          chequers_serial_rivers_small_3, chequers_serial_rivers_micro_a,
          chequers_serial_rivers_room_b, chequers_serial_rivers_large_b,
          chequers_serial_rivers_room_a, grunt_megastairs_4
Lair:5:   grunt_lair_end_beastmaster, layout_hall_layers, serial_forest,
          infiniplex_forest_lined_corner, infiniplex_forest_straight_2,
          infiniplex_forest_clump_large, infiniplex_forest_clump_tiny,
          infiniplex_forest_3_way, infiniplex_forest_split,
          infiniplex_forest_clump_double, infiniplex_forest_clump_diagonal,
          serial_bayou_crossing, uniq_kirke
Swamp:1:  layout_falls_marsh, ebering_ghost_xom, evilmike_swamp_ruin_wall,
          nicolae_swamp_round_clearing, swamp_pool1
Swamp:2:  layout_basic_swamp, nicolae_swamp_dense_foliage, swamp_pool5,
          nicolae_swamp_catching_bugs
Orc:1:    layout_caves, nicolae_orc_jurassic_orc
Orc:2:    hellmonk_orc_salted, layout_caves

Skill      XL: |  1  2  3  4  5  6  7  8  9 10 11 12 13 14 15 16 |
---------------+-------------------------------------------------+-----
Dodging        | 2 3 5 7 8 10 | 10.7
Unarmed Combat | 4 6 7 8 9 11 13 14 16 17 18 | 18.6
Shapeshifting  | 4 6 7 9 10 11 12 13 14 | 14.7
Fighting       | 3 6 7 9 10 11 13 14 | 14.8

Action                     |  1- 3 |  4- 6 |  7- 9 | 10-12 | 13-15 | 16-18 || total
---------------------------+-------+-------+-------+-------+-------+-------++-------
  Melee: Unarmed           |   110 |    49 |   181 |   442 |   833 |   200 ||  1815
         Tailslap          |     8 |     6 |    15 |    45 |   125 |    30 ||   229
         Punch             |     4 |     2 |     4 |    21 |    48 |    25 ||   104
         Bite              |       |     2 |    10 |    38 |    73 |    23 ||   146
 Invoke: Heavenly Storm    |       |       |       |       |     3 |     1 ||     4
         Serpent's Lash    |       |       |       |       |     1 |       ||     1
Ability: Breathe Fire      |       |     1 |       |       |       |       ||     1
         Lunge             |       |       |    27 |    51 |   114 |    16 ||   208
         Wall Jump         |       |       |       |     8 |     4 |       ||    12
         Whirlwind         |       |       |       |    45 |   141 |    41 ||   227
    Use: Scroll            |     3 |     3 |     5 |     6 |     8 |     1 ||    26
         Potion            |     2 |       |     1 |     1 |       |       ||     4
   Stab: Invisible         |       |       |       |     1 |       |       ||     1
         Sleeping          |       |       |       |       |     2 |       ||     2
         Distracted        |       |       |       |       |       |     1 ||     1
 Armour: Skin              |    19 |    12 |    53 |   200 |   227 |    54 ||   565
  Dodge: Dodged            |    58 |    19 |    61 |   229 |   360 |    88 ||   815
  Block: Other             |       |       |       |       |    13 |    31 ||    44
         Reflection        |       |       |       |       |     2 |     1 ||     3
   Form: Dragon            |       |     1 |       |       |       |     2 ||     3
                           |       |       |       |       |       |     1 ||     1
         Statue            |       |       |       |       |       |     1 ||     1

Table legend: (Time is in decaauts)
 A = Elapsed time spent in this place.
 B = Non-inter-level travel time spent in this place.
 C = Inter-level travel time spent in this place.
 D = Time resting spent in this place.
 E = Time spent auto-exploring this place.
 F = Levels seen in this place.
 G = Mean time per level.
                   A        B        C        D        E       F      G
               +--------+--------+--------+--------+--------+-----+--------+
         Total |  21076 |  19870 |   1206 |    685 |  15774 |  25 |  843.0 |
       Dungeon |  12563 |  11862 |    701 |    201 |   9690 |  15 |  837.5 |
        Temple |     49 |     31 |     18 |      0 |      0 |   1 |   49.0 |
          Lair |   5488 |   5139 |    349 |    384 |   3819 |   5 | 1097.6 |
         Swamp |   1274 |   1247 |     27 |    100 |    956 |   2 |  637.0 |
  Orcish Mines |   1700 |   1591 |    109 |      0 |   1309 |   2 |  850.0 |
               +--------+--------+--------+--------+--------+-----+--------+

Top non-repeatable levels by time:
    D:15: 1406 daAuts
  Lair:3: 1206 daAuts
  Lair:1: 1177 daAuts
  Lair:4: 1140 daAuts
     D:5: 1140 daAuts
    D:12: 1125 daAuts
 Swamp:1: 1114 daAuts
     D:3: 1052 daAuts
    D:10: 1043 daAuts
     D:9: 1033 daAuts
  Lair:2: 1006 daAuts
  Lair:5: 958 daAuts
   Orc:2: 949 daAuts
    D:14: 874 daAuts
     D:2: 849 daAuts
